 Dungeon Sprint DCSS version 0.25.1-2-g60ff931df9 (webtiles) character file.

Game seed: 13933380972622868733

1407 listentometal the Basher (level 8, -10/80 (81) HPs)
             Began as a Troll Berserker on Oct 30, 2020.
             Was a High Priest of Trog.
             Mangled by a two-headed ogre
             ... wielding a +0 giant club
              (27 damage)
             ... in the Dungeon (Sprint III: "The Ten Rune Challenge").
             The game lasted 00:03:08 (644 turns).

listentometal the Basher (Troll Berserker)           Turns: 644, Time: 00:03:08

HP:   -10/80 (81)   AC:  6    Str: 26    XL:     8   Next: 42%
MP:   7/7           EV: 12    Int:  4    God:    Trog [*****.]
Gold: 42            SH:  0    Dex: 10    Spells: 7/7 levels left

rFire    . . .     SeeInvis .   a - +0 mace
rCold    . . .     Gourm    +   (no shield)
rNeg     . . .     Faith    .   b - +0 animal skin
rPois    .         Spirit   .   (helmet restricted)
rElec    .         Reflect  .   (no cloak)
rCorr    .         Harm     .   (gloves unavailable)
MR       .....     NoTele   +   (boots unavailable)
Stlth    +.........             (no amulet)
HPRegen  0.63/turn              (no ring)
MPRegen  0.10/turn              (no ring)

@: berserk cooldown, slowed, very slow
A: large, unfitting armour, claws 3, fast metabolism 3, gourmand, regeneration
1, shaggy fur 1, tough skin 3
a: Berserk, Trog's Hand, Brothers in Arms, Renounce Religion


You were in the Dungeon.
You worshipped Trog.
Trog was extremely pleased with you.
You were not hungry.

You visited 1 branch You collected 42 gold pieces.

Inventory:

Hand Weapons
 a - a +0 mace (weapon)
Missiles
 l - 5 silver boomerangs (quivered)
Armour
 b - a +0 animal skin (worn)
Scrolls
 i - a scroll of blinking
 m - 2 scrolls of torment {unknown}
 n - a scroll of identify {unknown}
 o - 2 scrolls of remove curse
 p - a scroll of magic mapping {unknown}
 q - a scroll of random uselessness {unknown}
Potions
 d - a potion of curing
 e - 2 potions of heal wounds
 f - a potion of haste
 g - 2 potions of magic
 h - a potion of berserk rage
 j - 3 potions of flight
 r - 7 potions of mutation
 s - a potion of might
Miscellaneous
 k - a phial of floods
Comestibles
 c - 4 rations


   Skills:
 + Level 5.6 Fighting
 * Level 14.8 Maces & Flails
 + Level 5.6 Dodging


You had 7 spell levels left.
You didn't know any spells.
Your spell library was empty.

Dungeon Overview and Level Annotations

Branches:
Dungeon (1/1)

Altars:
Cheibriados
Dithmenos
Elyvilon
Fedhas
Gozag
Hepliaklqana
Kikubaaqudgha
Makhleb
Nemelex Xobeh
Okawaru
Qazlal
Ru
Sif Muna
Trog
Uskayaw
Vehumet
Wu Jian
Xom
Yredelemnul
Zin
The Shining One
Beogh
Jiyva
Lugonu


Innate Abilities, Weirdness & Mutations

You are too large for most types of armour.
You have claws for hands.
Your metabolism is lightning-fast.
You like to eat raw meat.
Your natural rate of healing is unusually fast.
You are covered in fur. (AC +1)
You have extremely tough skin. (AC +3)


Message History

You sock the two-headed ogre!
The two-headed ogre is almost dead.
You barely miss the two-headed ogre.
The two-headed ogre is almost dead.
You are no longer berserk.
You are exhausted.
You feel yourself slow down.
You barely miss the two-headed ogre.
The two-headed ogre is almost dead.
The two-headed ogre closely misses you.
The two-headed ogre hits you with a +0 giant club!
You hit the two-headed ogre but do no damage.
The two-headed ogre is almost dead.
The two-headed ogre closely misses you.
The two-headed ogre hits you with a +0 giant club!!
* * * LOW HITPOINT WARNING * * *
You hit the two-headed ogre but do no damage.
The two-headed ogre is almost dead.
The two-headed ogre hits you with a +0 giant club!!
You die...

♣..###'#)###)##
♣♣.#..........#
.♣.'.⌠........#
...#...######'#
...#.⌠.#__#...# # #
...#...#__#...#
.#.#
...#)###__#...##
#..
...#.::#__#...'##O#
...#___#__'...#.@)#
▓▓▓▓▓▓▓▓▓▓▓▓▓▓▓▓▓▓▓


You could see a two-headed ogre.

Vanquished Creatures
  A deep elf mage (D)
  A shadow (D)
  A spatial vortex (D)
  A necrophage (D)
  2 two-headed ogres (D)
  A water elemental (D)
  A jelly (D)
  Jessica (D)
  A wizard (D)
  A necromancer (D)
  3 humans (D)
  A kobold demonologist (D)
  A wolf (D)
  2 oozes (D)
  A rat (D)
19 creatures vanquished.

Notes
Turn   | Place    | Note
-------+----------+-------------------------------------------
     0 | D        | listentometal the Troll Berserker began the quest for the
                  | Orb.
     0 | D        | Reached XP level 1. HP: 22/22 MP: 0/0
     6 | D        | Reached skill level 4 in Maces & Flails
    14 | D        | Reached XP level 2. HP: 23/29 MP: 1/1
    26 | D        | Noticed Jessica
    39 | D        | Reached ** piety under Trog
    44 | D        | Killed Jessica
    44 | D        | Reached skill level 6 in Maces & Flails
    44 | D        | Reached XP level 3. HP: 36/36 MP: 2/2
    75 | D        | Reached skill level 7 in Maces & Flails
   170 | D        | Reached *** piety under Trog
   170 | D        | Reached XP level 4. HP: 34/44 MP: 3/3
   231 | D        | Noticed a water elemental
   237 | D        | Killed a water elemental
   237 | D        | Reached skill level 9 in Maces & Flails
   281 | D        | Found a basalt altar of Yredelemnul.
   281 | D        | Found a shadowy altar of Dithmenos.
   281 | D        | Found a sacrificial altar of Ru.
   281 | D        | Noticed a necrophage
   284 | D        | Killed a necrophage
   284 | D        | Reached skill level 10 in Maces & Flails
   284 | D        | Reached XP level 5. HP: 49/49 MP: 4/4
   285 | D        | Reached **** piety under Trog
   285 | D        | Reached skill level 11 in Maces & Flails
   325 | D        | Found a radiant altar of Vehumet.
   331 | D        | Reached XP level 6. HP: 58/58 MP: 5/5
   332 | D        | Found a shimmering blue altar of Sif Muna.
   332 | D        | Found an ancient bone altar of Kikubaaqudgha.
   379 | D        | Reached ***** piety under Trog
   393 | D        | Noticed a shadow
   398 | D        | Killed a shadow
   398 | D        | Reached skill level 13 in Maces & Flails
   437 | D        | Found a blossoming altar of Fedhas.
   437 | D        | Found a stormy altar of Qazlal.
   438 | D        | Found a snail-covered altar of Cheibriados.
   438 | D        | Found a burning altar of Makhleb.
   438 | D        | Found a hazy altar of Hepliaklqana.
   438 | D        | Found a shimmering altar of Xom.
   438 | D        | Found an opulent altar of Gozag.
   438 | D        | Found a sparkling altar of Nemelex Xobeh.
   438 | D        | Found a corrupted altar of Lugonu.
   438 | D        | Found a viscous altar of Jiyva.
   438 | D        | Noticed a spatial vortex
   455 | D        | Killed a spatial vortex
   455 | D        | Reached XP level 7. HP: 66/66 MP: 6/6
   504 | D        | Found a glowing silver altar of Zin.
   505 | D        | Found a glowing golden altar of the Shining One.
   505 | D        | Found a white marble altar of Elyvilon.
   505 | D        | Noticed a deep elf mage
   515 | D        | Killed a deep elf mage
   515 | D        | Reached skill level 14 in Maces & Flails
   569 | D        | Found a hide-covered altar of Uskayaw.
   569 | D        | Found an iron altar of Okawaru.
   571 | D        | Found a roughly hewn altar of Beogh.
   571 | D        | Found a bloodstained altar of Trog.
   571 | D        | Found an ornate altar of the Wu Jian Council.
   571 | D        | Noticed a human
   571 | D        | Noticed a human
   576 | D        | Killed a human
   576 | D        | Reached skill level 5 in Fighting
   576 | D        | Reached skill level 5 in Dodging
   576 | D        | Reached XP level 8. HP: 79/79 MP: 7/7
   633 | D        | Received a gift from Trog
   644 | D        | Mangled by a two-headed ogre

Illustrated notes

Levels and vault maps discovered:
D:        dungeon_sprint_mu [sprint_mu_entry_forest, sprint_mu_temple_rooms,
          sprint_mu_d1_spiders, sprint_mu_d2_genie, sprint_mu_d3_branching,
          sprint_mu_orc_legion, sprint_mu_elf_gauntlet, sprint_mu_hive_nellie,
          sprint_mu_lair_fedhas, sprint_mu_vaults_butterflies,
          sprint_mu_slime_circle, sprint_mu_shoals_kraken,
          sprint_mu_snake_twists, sprint_mu_blade_basic, sprint_mu_crypt_lich,
          sprint_mu_tomb_spiral, sprint_mu_vestibule_basic,
          sprint_mu_gehenna_hellfire, sprint_mu_dis_giant,
          sprint_mu_tartarus_statrot, sprint_mu_cocytus_islands, sprint_mu_zot1]

Skill      XL: |  1  2  3  4  5  6  7 |
---------------+----------------------+-----
Maces & Flails | 4 6 7 10 11 13 14 | 14.8
Fighting       | 3 5 |  5.6
Dodging        | 3 5 |  5.6

Action                   |  1- 3 |  4- 6 |  7- 9 || total
-------------------------+-------+-------+-------++-------
Melee: Mace              |    45 |    32 |    40 ||   117
Throw: Boomerang         |     5 |       |       ||     5
Invok: Berserk           |     2 |     5 |     3 ||    10
       Trog's Hand       |       |     1 |     2 ||     3
  Eat: Chunk             |     4 |     6 |     2 ||    12
       Ration            |       |       |     1 ||     1
Armor: Animal skin       |    10 |     1 |     3 ||    14
Dodge: Dodged            |    20 |     4 |    17 ||    41
